 Dungeon Crawl Stone Soup version 0.29.1-2-gbd0b4ee654 (webtiles) character file.

Game seed: 13331027463926139814

4 Raikaria the Shield-Bearer (level 1, -1/20 HPs)
             Began as a Djinni Fighter on Nov 10, 2022.
             Frozen to death by an endoplasm (6 damage)
             ... on level 1 of the Dungeon.
             The game lasted 00:00:46 (61 turns).

Raikaria the Shield-Bearer (Djinni Fighter)           Turns: 61, Time: 00:00:47

Health: -1/20      AC:  6    Str: 15    XL:     1   Next: 77%
Gold:   0          EV:  8    Int:  9    God:
                   SH:  4    Dex: 12

rFire   + + .      SeeInvis .   a - +0 rapier
rCold   x . .      Faith    .   c - +0 buckler
rNeg    . . .      Spirit   .   b - +0 scale mail
rPois   ∞          Reflect  .   (no helmet)
rElec   .          Harm     .   (no cloak)
rCorr   .          Rampage  .   (no gloves)
Will    .....                   (boots unavailable)
Stlth   ..........              (no amulet)
HPRegen 0.06/turn               (no ring)
MPRegen 0.00/turn               (no ring)

@: flying
A: sickness immunity, fire resistance 2, cold vulnerability 1, float, innate
caster, HP casting, extra vitality 1
a: no special abilities


You were on level 1 of the Dungeon.
You visited 1 branch of the dungeon, and saw 1 of its levels.

Inventory:

Hand Weapons
 a - a +0 rapier (weapon)
Armour
 b - a +0 scale mail (worn)
 c - a +0 buckler (worn)
Potions
 d - a potion of might


   Skills:
 - Level 3.0 Fighting
 + Level 2.1 Short Blades
 - Level 3.0 Armour
 + Level 0.3 Dodging
 - Level 3.0 Shields


You couldn't memorise any spells.
You didn't know any spells.
Your spell library was empty.

Dungeon Overview and Level Annotations

Branches:
Dungeon (1/15)

Altars:


Innate Abilities, Weirdness & Mutations

You are immune to sickness and miasma.
You are immune to poison.
Your flesh is very heat resistant. (rF++)
You are vulnerable to cold. (rC-)
You float through the air rather than walking.
You learn spells naturally, not from books.
Your magical power is your life essence.
You have superior vitality. (+4 MHP)


Message History

The ball python bites you but does no damage.
The ball python constricts you.
You hit the ball python.
You kill the ball python!
Your Short Blades skill increases to level 2!
You see here a ball python corpse.
HP restored.
Found a stone staircase leading down.
A hobgoblin comes into view.
Found 13 gold pieces and a potion of might.
The hobgoblin shouts!
You hear an angry hiss.
An endoplasm comes into view.
A ball python comes into view.
The ball python hisses angrily.
The hobgoblin barely misses you.
You hit the hobgoblin.
You kill the hobgoblin!
The endoplasm hits you but does no damage.
The ball python barely misses you. The ball python grabs you.
The ball python constricts you. The endoplasm hits you.
You block the ball python's attack. The ball python constricts you.
You closely miss the ball python. The endoplasm freezes you.
You are frozen.
You feel a terrible chill!
The ball python bites you but does no damage.
The ball python constricts you.
You hit the ball python.
You kill the ball python!
The endoplasm hits you but does no damage.
The endoplasm freezes you.
You are frozen.
You feel a terrible chill!
Found 3 gold pieces.
The endoplasm freezes you.
You are frozen.
You feel a terrible chill!
* * * LOW HITPOINT WARNING * * *
The endoplasm hits you but does no damage.
You barely miss the endoplasm. The endoplasm freezes you.
You are frozen.
You feel a terrible chill!
You die...

... ##.## ..$.
#######..##### ....
####....†........ ....
##........†.......
##..##..##.............
.#........#.............
........................
........................
.#...$.@J.#.............
#....>...#.............
........................
.......................
.#........#...........
##..##..##.......... ...
....#...!..... .... ....
##


You could see an endoplasm.

Vanquished Creatures
  A giant cockroach (D:1)
  A hobgoblin (D:1)
  2 ball pythons (D:1)
  A frilled lizard (D:1)
5 creatures vanquished.

Notes
Turn   | Place    | Note
-------+----------+-------------------------------------------
     0 | D:1      | Raikaria the Djinni Fighter began the quest for the Orb.
     0 | D:1      | Reached XP level 1. HP: 20/20 MP: 0/0
    61 | D:1      | Frozen to death by an endoplasm

Illustrated notes

Levels and vault maps discovered:
D:1:      minmay_arrival_loop, layout_basic, st_stairs_5

Skill      XL: |  1 |
---------------+----+-----
Short Blades   | 2 |  2.1
Fighting       | |  3.0
Armour         | |  3.0
Dodging        | |  0.3
Shields        | |  3.0

Action                   || total
-------------------------++-------
Melee: Rapier            ||    17
Armor: Scale mail        ||    11
Dodge: Dodged            ||     8
Block: Buckler           ||     3
